 Dungeon Sprint DCSS version 0.15-b1-55-g17c0860 (webtiles) character file.

22520 zercules the Brawler (level 12, -7/144 HPs)
             Began as a Troll Monk on Aug 11, 2014.
             Was the Champion of Cheibriados.
             Shot with a sling bullet by a satyr (24 damage)
             ... in the Dungeon (Sprint IX: "|||||||||||||||||||||||||||||").
             The game lasted 00:20:26 (2172 turns).

zercules the Brawler (Troll Monk)                   Turns: 2172, Time: 00:20:26

HP  -7/144       AC 13     Str 41      XL: 12   Next: 63%
MP   5/5         EV 26     Int 24      God: Cheibriados [******]
Gold 1520        SH  0     Dex 30      Spells:  0 memorised, 11 levels left

rFire  + + .     SeeInvis .       - Unarmed
rCold  x . .     Clarity  .     z - +1 fire dragon armour
rNeg   . . .     rCorr    .     (shield restricted)
rPois  .         rRot     .     (helmet restricted)
rElec  .         Spirit   .     m - +0 cloak
SustAb .         Warding  .     (gloves unavailable)
rMut   .         NoTele   +     (boots unavailable)
Gourm  +                        (no amulet)
MR     .....                    o - +3 ring of dexterity
                                n - +3 ring of intelligence

@: very slightly contaminated, very slow, not resistant to hostile enchantments,
very unstealthy
A: unfitting armour, claws 3, fast metabolism 3, gourmand, regeneration 2,
saprovore 2, shaggy fur 1, tough skin 2
a: Bend Time, Temporal Distortion, Slouch, Step From Time, Renounce Religion


You were in the Dungeon.
You worshipped Cheibriados.
Cheibriados was exalted by your worship.
You were not hungry.

You visited 1 branch You collected 1905 gold pieces.
You spent 385 gold pieces at shops.


Innate Abilities, Weirdness & Mutations

You are too large for most types of armour.
You have claws for hands.
Your metabolism is lightning-fast.
You like to eat raw meat.
You heal very quickly.
You can eat rotten meat.
You are covered in fur (AC +1).
You have very tough skin (AC +2).


   Skills:
 + Level 15.9 Fighting
 + Level 15.9 Dodging
 - Level 1.3 Stealth
 + Level 18.5 Unarmed Combat


You had 11 spell levels left.
You didn't know any spells.

Dungeon Overview and Level Annotations

Branches:
Dungeon (1/1)

Altars:
Cheibriados
Dithmenos
Elyvilon
Fedhas
Kikubaaqudgha
Makhleb
Nemelex Xobeh
Okawaru
Qazlal
Sif Muna
Trog
Vehumet
Xom
Yredelemnul
Zin
The Shining One
Beogh
Jiyva
Lugonu

Shops:
D :}[(

Annotations:
D Sonja

Inventory:

Armour
 e - a +1 robe of resistance
   (You took it off an orc sorcerer in the Dungeon)
 m - a +0 cloak (worn)
 z - a +1 fire dragon armour (worn)
Magical devices
 l - a wand of cold (0)
Comestibles
 b - 15 meat rations
 s - a royal jelly {!e}
 v - a beef jerky
 w - 40 fruits
 x - 12 bread rations
Scrolls
 h - 2 scrolls of blinking
 i - 4 scrolls of remove curse {@r8}
 j - 2 scrolls of amnesia
 t - 3 scrolls of recharging
 u - 2 scrolls of identify {@r9}
 C - 2 scrolls of enchant armour
 D - a scroll of fear
Jewellery
 g - an uncursed ring of protection from magic
 n - a +3 ring of intelligence (left claw)
 o - a +3 ring of dexterity (right claw)
 r - an uncursed ring of poison resistance
 y - an uncursed amulet of clarity
Potions
 c - 5 potions of curing {@q1}
 d - 3 potions of heal wounds {@q2}
 f - 4 potions of magic
 p - a potion of might
 A - a potion of agility
 B - 2 potions of brilliance
Books
 a - a book of Air

#.#.#'#.#.#.#.#.#.#
#(#.#.#.#.#.#!#.#.#
#.#.#.#.#.#.#'#.#.#
#.#.#.#.#.#.#.#.#'#
#.#.#.#.#.#.#.#.#.#
#.#.#.#.#.#.#.#.#.#
#.#.#.#.#.#.#.#.#.#
#c#.#.#.#.#.#.#.#.#
#%#@#.#.#.#.#.#.#.#
#.c.#...#...#...#<#
###################


You could see a satyr.


Message History

a greatsling; an uncursed spear; 26 sling bullets; a satyr corpse Read which item? (? for menu, Esc to quit)
Blink to where?
As you read the scroll of blinking, it crumbles to dust.
You are very lightly contaminated with residual magic.
You mangle the griffon!! You claw the griffon!!
The griffon is severely wounded.
The griffon completely misses you. The griffon misses you.
The griffon claws you but does no damage.
You eviscerate the griffon!!!
You kill the griffon!
Cheibriados thoroughly appreciates the change of pace.
You barely miss the merfolk impaler. The merfolk impaler barely misses you.
You mangle the merfolk impaler!! You claw the merfolk impaler!
The merfolk impaler is heavily wounded.
The merfolk impaler misses you.
You claw the merfolk impaler!
The merfolk impaler is heavily wounded.
The merfolk impaler completely misses you.
You claw the merfolk impaler!
The merfolk impaler is severely wounded.
You closely miss the merfolk impaler. You claw the merfolk impaler!
The merfolk impaler is almost dead.
The merfolk impaler misses you.
You mangle the merfolk impaler!!
You kill the merfolk impaler!
Cheibriados appreciates the change of pace.
No target in view!
The snapping turtle completely misses you.
The snapping turtle barely misses you.
The snapping turtle completely misses you.
The satyr misses you. The snapping turtle misses you.
The satyr plays a frightful melody on his pipes!
The satyr radiates an aura of fear!
You are terrified of the satyr!
Items here: %% ) [ a trident of freezing; a robe; a merfolk corpse; a griffon corpse Read which item? (? for menu, Esc to quit)
Okay, then.
Unknown command.
Drink which item? (? for menu, Esc to quit)
You feel much better.
The snapping turtle completely misses you.
The satyr hits you from afar with a spear!!
* * * LOW HITPOINT WARNING * * *
You claw the snapping turtle!
The snapping turtle is lightly wounded.
The snapping turtle misses you.
You claw the snapping turtle!
The snapping turtle is heavily wounded.
The satyr plays a rousing melody on its pipes!
The snapping turtle is stirred to greatness!
You claw the snapping turtle!
You claw the snapping turtle, but do no damage.
The snapping turtle is severely wounded.
The snapping turtle completely misses you.
The satyr misses you.
You mangle the snapping turtle!!
You kill the snapping turtle!
Cheibriados appreciates the change of pace.
You cannot move closer to the satyr!
You cannot move closer to the satyr!
You are no longer terrified.
The satyr hits you from afar with a spear!
* * * LOW HITPOINT WARNING * * *
The satyr unwields an uncursed spear.
The satyr wields a greatsling.
The satyr shoots a sling bullet.
The sling bullet hits you!!
* * * LOW HITPOINT WARNING * * *
The satyr shoots a sling bullet.
The sling bullet hits you!!
You die...

Action                   |  1- 3 |  4- 6 |  7- 9 | 10-12 || total
-------------------------+-------+-------+-------+-------++-------
Melee: Unarmed           |    30 |     7 |    67 |   172 ||   276
Throw: Large rock        |       |       |       |    12 ||    12
Evoke: Wand              |     1 |       |     3 |     3 ||     7
  Use: Potion            |       |       |       |     5 ||     5
       Scroll            |       |       |       |     1 ||     1
 Stab: Sleeping          |     1 |       |       |     3 ||     4
       Distracted        |     1 |       |       |       ||     1
       Invisible         |       |       |       |    18 ||    18
  Eat: Chunk             |     3 |       |     8 |     1 ||    12

Vault maps used:
D:        linesprint

Notes
Turn   | Place    | Note
--------------------------------------------------------------
     0 | D        | zercules, the Troll Monk, began the quest for the Orb.
     0 | D        | Reached XP level 1. HP: 22/22 MP: 1/1
    25 | D        | Reached skill level 3 in Dodging
    47 | D        | Noticed a worker ant
    48 | D        | Reached skill level 3 in Fighting
    48 | D        | Reached XP level 2. HP: 29/31 MP: 1/1
    54 | D        | Killed a worker ant
    54 | D        | Reached skill level 4 in Dodging
    54 | D        | Reached skill level 5 in Unarmed Combat
    54 | D        | Reached XP level 3. HP: 17/39 MP: 2/2
    79 | D        | Found a glowing silver altar of Zin.
    79 | D        | Found a glowing golden altar of the Shining One.
    79 | D        | Found an ancient bone altar of Kikubaaqudgha.
    79 | D        | Found a basalt altar of Yredelemnul.
    79 | D        | Found a shimmering altar of Xom.
    79 | D        | Found a radiant altar of Vehumet.
    79 | D        | Found an iron altar of Okawaru.
    80 | D        | Found a burning altar of Makhleb.
    81 | D        | Found a deep blue altar of Sif Muna.
    82 | D        | Found a bloodstained altar of Trog.
    83 | D        | Found a sparkling altar of Nemelex Xobeh.
    84 | D        | Found a white marble altar of Elyvilon.
    85 | D        | Found a roughly hewn altar of Beogh.
    86 | D        | Found a viscous altar of Jiyva.
    87 | D        | Found a corrupted altar of Lugonu.
    88 | D        | Found a blossoming altar of Fedhas.
    89 | D        | Found a snail-covered altar of Cheibriados.
    90 | D        | Found a shadowy altar of Dithmenos.
    91 | D        | Found a stormy altar of Qazlal.
    98 | D        | Became a worshipper of Cheibriados the Contemplative
   130 | D        | Noticed a hound
   130 | D        | Noticed a hill giant
   130 | D        | Noticed a yak
   131 | D        | Reached skill level 4 in Fighting
   240 | D        | Killed a yak
   240 | D        | Acquired Cheibriados' first power
   240 | D        | Reached skill level 6 in Unarmed Combat
   240 | D        | Reached XP level 4. HP: 46/49 MP: 2/2
   246 | D        | HP: 11/49 [hill giant/giant club (9)]
   247 | D        | Killed a hill giant
   247 | D        | Reached skill level 7 in Fighting
   247 | D        | Reached skill level 7 in Dodging
   247 | D        | Reached skill level 9 in Unarmed Combat
   247 | D        | Reached XP level 5. HP: 12/63 MP: 2/2
   247 | D        | Reached XP level 6. HP: 13/72 MP: 3/3
   247 | D        | Reached XP level 7. HP: 14/79 MP: 3/3
   248 | D        | Killed a hound
   353 | D        | Noticed a worker ant
   353 | D        | Noticed a phantom
   353 | D        | Noticed a giant frog
   353 | D        | Noticed a manticore
   353 | D        | Noticed a hound
   355 | D        | Killed a hound
   355 | D        | Acquired Cheibriados' second power
   355 | D        | Reached skill level 8 in Fighting
   355 | D        | Reached skill level 8 in Dodging
   355 | D        | Reached skill level 10 in Unarmed Combat
   360 | D        | Killed a manticore
   361 | D        | Killed a giant frog
   361 | D        | Acquired Cheibriados' third power
   361 | D        | Reached skill level 9 in Fighting
   361 | D        | Reached skill level 9 in Dodging
   361 | D        | Reached XP level 8. HP: 46/92 MP: 3/3
   364 | D        | Killed a phantom
   364 | D        | Reached skill level 11 in Unarmed Combat
   371 | D        | Killed a worker ant
   567 | D        | Noticed a spiny frog
   567 | D        | Noticed a crocodile
   567 | D        | Noticed a giant frog
   567 | D        | Noticed a giant frog
   567 | D        | Noticed a hound
   567 | D        | Noticed a blink frog
   572 | D        | Noticed a black mamba
   572 | D        | Killed a blink frog
   575 | D        | Killed a hound
   577 | D        | Noticed a hippogriff
   580 | D        | Killed a giant frog
   581 | D        | Killed a giant frog
   583 | D        | Killed a crocodile
   586 | D        | Killed a spiny frog
   586 | D        | Reached skill level 10 in Fighting
   586 | D        | Reached skill level 10 in Dodging
   586 | D        | Reached skill level 12 in Unarmed Combat
   586 | D        | Reached XP level 9. HP: 89/101 MP: 4/4
   595 | D        | Killed a black mamba
   597 | D        | Killed a hippogriff
   748 | D        | Noticed a spiny frog
   748 | D        | Noticed a giant frog
   748 | D        | Noticed a crocodile
   748 | D        | Noticed a giant frog
   748 | D        | Noticed a spiny frog
   752 | D        | Killed a giant frog
   756 | D        | Killed a spiny frog
   756 | D        | Reached skill level 11 in Dodging
   756 | D        | Reached skill level 13 in Unarmed Combat
   758 | D        | Killed a crocodile
   758 | D        | Reached skill level 11 in Fighting
   763 | D        | Killed a spiny frog
   765 | D        | Killed a giant frog
   846 | D        | Noticed a brain worm
   846 | D        | Noticed a brain worm
   846 | D        | Noticed a lindwurm
   846 | D        | Noticed a lindwurm
   846 | D        | Noticed a brain worm
   846 | D        | Noticed a lindwurm
   847 | D        | Killed a brain worm
   850 | D        | Killed a brain worm
   852 | D        | Killed a lindwurm
   852 | D        | Killed a lindwurm
   852 | D        | Reached XP level 10. HP: 97/115 MP: 4/4
   853 | D        | Killed a lindwurm
   853 | D        | Reached skill level 12 in Fighting
   853 | D        | Reached skill level 12 in Dodging
   853 | D        | Reached skill level 14 in Unarmed Combat
   880 | D        | Noticed a brain worm
   881 | D        | Killed a brain worm
   884 | D        | Killed a brain worm
   954 | D        | Noticed Psyche
   957 | D        | Killed Psyche
  1025 | D        | Noticed an orc wizard
  1025 | D        | Noticed an orc warrior
  1025 | D        | Noticed an orc wizard
  1026 | D        | Noticed an orc priest
  1027 | D        | Killed an orc wizard
  1034 | D        | Killed an orc warrior
  1035 | D        | Noticed a stone giant
  1036 | D        | Noticed an orc priest
  1040 | D        | Killed an orc wizard
  1043 | D        | Killed an orc priest
  1049 | D        | Killed a stone giant
  1050 | D        | Killed an orc priest
  1079 | D        | Noticed an orc priest
  1080 | D        | Noticed an orc wizard
  1089 | D        | Killed an orc wizard
  1091 | D        | Killed an orc priest
  1190 | D        | Noticed an orc warrior
  1190 | D        | Noticed an orc warrior
  1190 | D        | Noticed an orc sorcerer
  1190 | D        | Noticed an orc sorcerer
  1190 | D        | Noticed an orc warrior
  1192 | D        | Killed an orc warrior
  1195 | D        | Noticed an orc knight
  1199 | D        | Noticed an orc warrior
  1201 | D        | Killed an orc sorcerer
  1201 | D        | Reached skill level 15 in Unarmed Combat
  1204 | D        | Noticed an orc warrior
  1206 | D        | Killed an orc sorcerer
  1206 | D        | Reached skill level 13 in Dodging
  1214 | D        | Noticed an orc warrior
  1214 | D        | Killed an orc knight
  1214 | D        | Reached skill level 13 in Fighting
  1214 | D        | Reached XP level 11. HP: 77/127 MP: 4/4
  1215 | D        | Killed an orc warrior
  1217 | D        | Noticed an orc warrior
  1221 | D        | Killed an orc warrior
  1223 | D        | Killed an orc warrior
  1225 | D        | Killed an orc warrior
  1229 | D        | Killed an orc warrior
  1235 | D        | Killed an orc warrior
  1345 | D        | Found Ceddaimo's Weapon Boutique.
  1345 | D        | Noticed an orc sorcerer
  1345 | D        | Noticed an orc wizard
  1345 | D        | Noticed an orc sorcerer
  1345 | D        | Noticed an orc wizard
  1345 | D        | Noticed an orc sorcerer
  1345 | D        | Noticed an orc sorcerer
  1346 | D        | Found Ahoaxzom's Armour Shop.
  1347 | D        | Noticed an orc wizard
  1348 | D        | Noticed an orc sorcerer
  1349 | D        | Noticed an ice devil
  1350 | D        | Killed an orc sorcerer
  1351 | D        | Killed an orc sorcerer
  1355 | D        | Paralysed by an orc sorcerer for 7 turns
  1363 | D        | Killed an orc sorcerer
  1365 | D        | Killed an orc wizard
  1371 | D        | Killed an orc sorcerer
  1371 | D        | Reached skill level 16 in Unarmed Combat
  1376 | D        | Killed an orc sorcerer
  1380 | D        | Killed an orc wizard
  1381 | D        | Found Thaometz's Gadget Boutique.
  1382 | D        | Killed an orc wizard
  1418 | D        | Found Treps' Book Shop.
  1420 | D        | Noticed an orc wizard
  1426 | D        | Noticed an orc wizard
  1426 | D        | Noticed an orc wizard
  1428 | D        | Noticed an orc wizard
  1428 | D        | Killed an orc wizard
  1429 | D        | Noticed an orc wizard
  1432 | D        | Killed an orc wizard
  1433 | D        | Killed an orc wizard
  1435 | D        | Killed an orc wizard
  1437 | D        | Killed an orc wizard
  1562 | D        | Bought a book of Air for 385 gold pieces
  1590 | D        | Noticed Sonja
  1655 | D        | Noticed Erolcha
  1665 | D        | Killed Erolcha
  1791 | D        | Noticed a five-headed hydra
  1791 | D        | Noticed a giant frog
  1791 | D        | Noticed a yaktaur
  1791 | D        | Noticed a komodo dragon
  1791 | D        | Noticed a two-headed ogre
  1791 | D        | Noticed a wolf spider
  1792 | D        | Noticed an eight-headed hydra
  1793 | D        | Killed a wolf spider
  1793 | D        | Reached skill level 14 in Fighting
  1793 | D        | Reached skill level 14 in Dodging
  1794 | D        | Noticed a dire elephant
  1795 | D        | Killed a two-headed ogre
  1796 | D        | Noticed a rakshasa
  1799 | D        | Killed a komodo dragon
  1802 | D        | Noticed a catoblepas
  1803 | D        | Killed a yaktaur
  1804 | D        | Killed a giant frog
  1805 | D        | Noticed a vampire
  1806 | D        | Noticed an ice dragon
  1809 | D        | Killed a rakshasa
  1810 | D        | Killed a six-headed hydra
  1814 | D        | Noticed an ettin
  1822 | D        | Killed a 11-headed hydra
  1822 | D        | Reached skill level 17 in Unarmed Combat
  1827 | D        | Killed a dire elephant
  1829 | D        | Noticed an ogre mage
  1832 | D        | Killed a catoblepas
  1832 | D        | Reached XP level 12. HP: 53/140 MP: 5/5
  1837 | D        | Killed a vampire
  1842 | D        | Killed an ice dragon
  1842 | D        | Reached skill level 15 in Fighting
  1842 | D        | Reached skill level 15 in Dodging
  1846 | D        | Killed an ettin
  1849 | D        | Killed an ogre mage
  2015 | D        | Noticed Rupert
  2031 | D        | Killed Rupert
  2031 | D        | Reached skill level 18 in Unarmed Combat
  2122 | D        | Noticed a merfolk impaler
  2122 | D        | Noticed a griffon
  2122 | D        | Noticed a satyr
  2122 | D        | Noticed a griffon
  2122 | D        | Noticed a manticore
  2122 | D        | Noticed a merfolk
  2122 | D        | Noticed a merfolk
  2123 | D        | Noticed a snapping turtle
  2127 | D        | Killed a merfolk
  2139 | D        | Killed a merfolk
  2140 | D        | Killed a griffon
  2143 | D        | Killed a manticore
  2144 | D        | Noticed a satyr
  2145 | D        | Killed a satyr
  2146 | D        | HP: 33/144 [merfolk impaler/glowing trident (15)]
  2156 | D        | Killed a griffon
  2162 | D        | Killed a merfolk impaler
  2169 | D        | Killed a snapping turtle
  2171 | D        | HP: 35/144 [satyr/spear (13)]
  2172 | D        | HP: 17/144 [satyr/ sling bullet (19)]
  2172 | D        | Shot with a sling bullet by a satyr

Vanquished Creatures
  Rupert (D)
  A stone giant (D)
  A dire elephant (D)
  An ettin (D)
  A merfolk impaler (D)
  A rakshasa (D)
  2 hydras (D)
  An ice dragon (D)
  An ogre mage (D)
  A satyr (D)
  A catoblepas (D)
  Erolcha (D)
  A hill giant (D)
  An orc knight (D)
  3 lindwurms (D)
  2 griffons (D)
  A wolf spider (D)
  7 orc sorcerers (D)
  2 manticores (D)
  3 spiny frogs (D)
  An iron devil (D)
  A black mamba (D)
  Psyche (D)
  A komodo dragon (D)
  A yaktaur (D)
  A two-headed ogre (D)
  2 merfolk (D)
  A blink frog (D)
  A snapping turtle (D)
  A vampire (D)
  A hippogriff (D)
  A yak (D)
  8 orc warriors (D)
  A phantom (D)
  A manticore zombie (D)
  2 crocodiles (D)
  4 brain worms (D)
  6 giant frogs (D)
  3 hounds (D)
  11 orc wizards (D)
  2 worker ants (D)
  3 orc priests (D)
  2 adders (D)
  A gnoll (D)
  2 orc zombies (D)
  A shadow imp (D)
  2 green rats (D)
  A worm (D)
  2 giant geckos (D)
  7 orcs (D)
  2 bats (D)
  A giant cockroach (D)
  A hobgoblin (D)
  A quokka (D)
  A giant spore (D)
  A jackal skeleton (D)
  A kobold skeleton (D)
  A rat (D)
  A rat skeleton (D)
  A rat zombie (D)
116 creatures vanquished.

Vanquished Creatures (others)
  A jackal (D)
  A fungus (D)
2 creatures vanquished.

Grand Total: 118 creatures vanquished
